 Dungeon Crawl Stone Soup version 0.22-a0-558-gc224181 (webtiles) character file.

3754 iamserjio the Nimble (level 10, -11/68 (71) HPs)
             Began as an Octopode Wanderer on June 27, 2018.
             Was a Priest of Okawaru.
             Mangled by a two-headed ogre
             ... wielding a +0 giant club
              (29 damage)
             ... on level 9 of the Dungeon.
             The game lasted 00:25:07 (11086 turns).

iamserjio the Nimble (Octopode Wanderer)           Turns: 11086, Time: 00:25:07

HP:   -11/68 (71)   AC:  3    Str: 13    XL:     10   Next: 15%
MP:   12/13         EV: 21    Int: 16    God:    Okawaru [***...]
Gold: 348           SH:  0    Dex: 12    Spells: 9/9 levels left

rFire    . . .     SeeInvis .   a - +2 quarterstaff
rCold    . . .     Gourm    .   (shield currently unavailable)
rNeg     . . .     Faith    .   N - +2 hat
rPois    .         Spirit   .   S - amulet of regeneration
rElec    .         Reflect  .   g - ring of stealth
rCorr    .         Harm     .   (no ring)
MR       .....                  (no ring)
Stlth    ++++++++..             (no ring)
HPRegen  0.61/turn              (no ring)
MPRegen  0.13/turn              (no ring)
                                (no ring)
                                (no ring)

@: heroism
A: almost no armour, stealthy swim, amphibious, 8 rings, constrict 8, camouflage
1, gelatinous body 1
a: Heroism, Renounce Religion


You were on level 9 of the Dungeon.
You worshipped Okawaru.
Okawaru was most pleased with you.
You were not hungry.

You visited 1 branch of the dungeon, and saw 9 of its levels.

You collected 348 gold pieces.

Inventory:

Hand Weapons
 a - a +2 quarterstaff (weapon)
 j - a +2 dagger of venom
 x - a +0 falchion of slicing
 J - a +3 short sword
 P - a +4 double sword
 U - a +0 blowgun
Missiles
 l - 305 stones
 n - 3 poisoned javelins (quivered)
 w - 5 needles of sleeping {!f}
 G - 8 javelins
 H - 36 poisoned needles
Armour
 N - a +2 hat (worn)
Jewellery
 g - a ring of stealth (left tentacle)
 y - an uncursed amulet of rage
 Q - an uncursed ring of ice
 S - an amulet of regeneration (around mantle)
Wands
 p - a wand of flame (13)
 z - a wand of random effects (45)
 L - a wand of polymorph (15)
 R - a wand of digging (7)
Scrolls
 b - a scroll of teleportation
 e - 3 scrolls of fear
 h - a scroll of fog
 i - a scroll of blinking
 m - a scroll of amnesia
 t - a scroll of enchant weapon {unknown}
 u - a scroll of enchant armour {unknown}
 O - a scroll of vulnerability
Potions
 c - a potion of invisibility {unknown}
 f - 4 potions of agility
 k - 3 potions of heal wounds
 o - a potion of haste {unknown}
 q - 2 potions of magic {unknown}
 r - 2 potions of might
 s - 3 potions of curing {@q1}
 A - 3 potions of cancellation
 D - a potion of brilliance {unknown}
 E - a potion of degeneration {unknown}
 I - a potion of mutation {unknown}
 W - a potion of lignification
Comestibles
 d - 10 rations


   Skills:
 + Level 7.0(12.0) Fighting
 * Level 3.1(8.1) Long Blades
   Level 2.0(7.6) Maces & Flails
 - Level 2.6(8.0) Staves
 * Level 9.7(14.7) Dodging
 + Level 9.6(14.6) Stealth
   Level 2.0(7.0) Shields
 - Level 4.0 Invocations


You had 9 spell levels left.
You didn't know any spells.
Your spell library was empty.

Dungeon Overview and Level Annotations

Branches:
Dungeon (9/15)             Temple (0/1) D:6
   Lair: D:8-11         Orc: D:9-12

Altars:
Ashenzari
Dithmenos
Elyvilon
Okawaru
Sif Muna
Uskayaw
Xom

Shops:
D:4 [

Annotations:
D:6 1 runed door, Faegy's ghost, novice FoFi
D:9 Maurice


Innate Abilities, Weirdness & Mutations

You cannot wear most types of armour.
You are very stealthy in the water. (Stealth+)
You are amphibious.
You can wear up to eight rings at the same time.
You can use your tentacles to constrict eight enemies at once.
Your skin changes colour to match your surroundings (Stealth+).
Your rubbery body absorbs attacks. (AC +1, EV +1)


Message History

You hit the two-headed ogre but do no damage.
Your squeeze misses the two-headed ogre.
The two-headed ogre is heavily wounded.
The two-headed ogre completely misses you.
The two-headed ogre hits you with a giant spiked club!!
You completely miss the two-headed ogre.
The two-headed ogre is moderately wounded.
You sock the two-headed ogre!
The two-headed ogre is heavily wounded.
The two-headed ogre closely misses you.
The two-headed ogre hits you with a giant spiked club!
You sock the two-headed ogre! You squeeze the two-headed ogre!
The two-headed ogre is almost dead.
The two-headed ogre misses you.
The two-headed ogre hits you with a giant spiked club!!
* * * LOW HITPOINT WARNING * * *
You hit the two-headed ogre but do no damage.
The two-headed ogre is almost dead.
The two-headed ogre hits you with a giant club!!
You die...

............................
..)..........(........!)<.((
........(...................
...........)(.....O.?.......
#########..(################
#...# #..)# #..O# #..@#
#...# #[.(# #..(# #.†.#
#...# #...# #.).# #...#


You could see a two-headed ogre.

Vanquished Creatures
  A hippogriff (D:9)
  Menkaure (D:5)
  A water moccasin (D:7)
  A phantom (D:5)
  Duvessa (D:5)
  3 orc warriors
  A sky beast (D:6)
  An ice beast (D:7)
  2 necrophages
  6 centaurs
  2 ogres
  2 big kobolds
  3 bullfrogs
  Dowan (D:5)
  2 scorpions
  5 wights (D:7)
  5 howler monkeys
  2 crimson imps (D:5)
  A bullfrog zombie (D:4)
  A quasit (D:5)
  A jelly (D:8)
  2 hounds
  An orc priest (D:3)
  10 orc wizards
  An iguana (D:4)
  9 worker ants
  A hound skeleton (D:4)
  8 adders
  3 worms
  3 dart slugs
  4 leopard geckos
  22 orcs
  9 bats
  4 giant cockroaches
  10 hobgoblins
  4 jackals
  22 kobolds
  7 quokkas
  3 ball pythons
  5 frilled lizards
  21 goblins
  A leopard gecko skeleton (D:6)
  10 rats
203 creatures vanquished.

Notes
Turn   | Place    | Note
-------+----------+-------------------------------------------
     0 | D:1      | iamserjio the Octopode Wanderer began the quest for the Orb.
     0 | D:1      | iamserjio set off with: a +2 quarterstaff, a scroll of teleportation, a potion of lignification, a ration
     0 | D:1      | Reached XP level 1. HP: 17/17 MP: 1/1
    82 | D:1      | Reached skill level 1 in Dodging
    82 | D:1      | Reached skill level 1 in Stealth
   133 | D:1      | Reached XP level 2. HP: 20/22 MP: 2/2
   507 | D:1      | Reached XP level 3. HP: 24/27 MP: 3/3
  1045 | D:2      | Reached XP level 4. HP: 29/33 MP: 4/4
  1335 | D:2      | Found a shadowy altar of Dithmenos.
  1431 | D:2      | Found a faded altar of an unknown god.
  1608 | D:2      | Found a shattered altar of Ashenzari.
  1984 | D:3      | Found a deep blue altar of Sif Muna.
  2201 | D:3      | Reached XP level 5. HP: 36/37 MP: 5/5
  2202 | D:3      | Found an iron altar of Okawaru.
  2210 | D:3      | Became a worshipper of Warmaster Okawaru
  2534 | D:3      | Found a white marble altar of Elyvilon.
  2600 | D:3      | Reached skill level 1 in Invocations
  2918 | D:4      | Reached XP level 6. HP: 43/43 MP: 5/7
  3178 | D:4      | Found Zaumaj's Antique Armour Shoppe.
  3482 | D:4      | Noticed an orc warrior
  3495 | D:4      | Killed an orc warrior
  3495 | D:4      | Reached skill level 5 in Dodging
  3495 | D:4      | Reached skill level 5 in Stealth
  3504 | D:4      | Reached XP level 7. HP: 18/48 MP: 8/8
  3720 | D:4      | Reached * piety under Okawaru
  3978 | D:5      | Entered Level 5 of the Dungeon
  4453 | D:5      | Noticed Duvessa
  4485 | D:5      | Noticed Dowan
  4487 | D:5      | Killed Duvessa
  4487 | D:5      | Reached XP level 8. HP: 29/54 MP: 10/10
  4745 | D:5      | Killed Dowan
  5333 | D:5      | Noticed Menkaure
  5344 | D:5      | Killed Menkaure
  5344 | D:5      | Reached ** piety under Okawaru
  5344 | D:5      | Reached skill level 5 in Fighting
  6282 | D:6      | Found a runed door.
  6291 | D:6      | Noticed Faegy's ghost (novice FoFi)
  6349 | D:6      | Found a staircase to the Ecumenical Temple.
  7099 | D:7      | Reached XP level 9. HP: 37/61 MP: 12/12
  8066 | D:7      | Reached *** piety under Okawaru
  8147 | D:7      | Found a deep blue altar of Sif Muna.
  9260 | D:8      | Found a hide-covered altar of Uskayaw.
  9394 | D:8      | Found a shimmering altar of Xom.
  9457 | D:8      | Reached skill level 1 in Long Blades
 10133 | D:9      | Noticed Maurice
 10304 | D:9      | Noticed a two-headed ogre
 10378 | D:9      | Paralysed by something for 6 turns
 10388 | D:9      | Paralysed by something for 3 turns
 10553 | D:9      | Reached XP level 10. HP: 51/66 MP: 13/13
 10977 | D:9      | Received a gift from Okawaru
 11086 | D:9      | Mangled by a two-headed ogre

Vault maps used:
D:1:      dpeg_arrival_ratfight
D:2:      marbit_many_paths, chequers_ecumenical_altar_simple_redux,
          grunt_ministairs_4, grunt_dithmenos_smoke
D:3:      elyvilon_altar_3, lemuel_coloured_pillars_altar, lemuel_crystal_altar,
          first_ration
D:4:      cheibrodos_greedy_goblins, serial_shops,
          nicolae_shop_overgrown_old_shop
D:5:      uniq_menkaure, uniq_duvessa
D:6:      minmay_temple_entry_steel_oval, gammafunk_ghost_grave
D:7:      kennysheep_orc_sif_temple
D:8:      nicolae_overflow_crystal_walls, lemuel_doored_altar
D:9:      uniq_maurice

Skill      XL: |  1  2  3  4  5  6  7  8  9 10 |
---------------+-------------------------------+-----
Dodging        | 1 2 3 4 5 6 7 9 |  9.7
Stealth        | 1 2 3 4 5 6 7 9 |  9.6
Invocations    | 1 2 3 4 |  4.0
Fighting       | 5 6 7 |  7.0
Long Blades    | 2 3 |  3.1
Maces & Flails | |  2.0
Staves         | |  2.6
Shields        | |  2.0

Action                   |  1- 3 |  4- 6 |  7- 9 | 10-12 || total
-------------------------+-------+-------+-------+-------++-------
Melee: Quarterstaff      |    60 |   118 |   278 |    22 ||   478
       Constrict         |    14 |    35 |    58 |     4 ||   111
       Tentacles         |     5 |    10 |    58 |     7 ||    80
       Short sword       |       |       |     4 |       ||     4
       Punch             |       |       |     1 |       ||     1
Throw: Stone             |       |       |     7 |     9 ||    16
       Javelin           |       |       |       |     5 ||     5
Invok: Heroism           |       |       |    10 |     2 ||    12
Evoke: Wand              |       |     8 |    11 |    11 ||    30
  Use: Scroll            |       |     6 |    11 |       ||    17
       Potion            |       |     2 |     3 |       ||     5
 Stab: Sleeping          |    11 |     6 |    13 |       ||    30
       Paralysed         |       |       |       |     1 ||     1
  Eat: Chunk             |       |     8 |     8 |       ||    16
       Ration            |       |       |     4 |     1 ||     5
Armor: Skin              |     3 |     9 |     8 |     1 ||    21
Dodge: Dodged            |    25 |   119 |   225 |    21 ||   390

Table legend:
 A = Spawn XP
 B = Non-spawn XP
 C = Spawn XP percentage of total XP
 D = Spawn monster count
 E = Non-spawn monster count
 F = Spawn count percentage of total count
 G = Total turns spent on level
                    A         B        C        D         E        F      G
               +---------+---------+-------+---------+---------+-------+---------
         Total |       0 |    5364 |   0.0 |       0 |     203 |   0.0 | 11086
               +---------+---------+-------+---------+---------+-------+---------
           D:1 |       0 |      45 |   0.0 |       0 |      28 |   0.0 |   778
           D:2 |       0 |      97 |   0.0 |       0 |      28 |   0.0 |  1189
           D:3 |       0 |     135 |   0.0 |       0 |      27 |   0.0 |   912
           D:4 |       0 |     463 |   0.0 |       0 |      25 |   0.0 |  1335
           D:5 |       0 |    1278 |   0.0 |       0 |      19 |   0.0 |  1839
           D:6 |       0 |     251 |   0.0 |       0 |       9 |   0.0 |   985
           D:7 |       0 |    1474 |   0.0 |       0 |      27 |   0.0 |  1748
           D:8 |       0 |     908 |   0.0 |       0 |      29 |   0.0 |  2010
           D:9 |       0 |     713 |   0.0 |       0 |      11 |   0.0 |   290
               +---------+---------+-------+---------+---------+-------+---------
